 Seeded DCSS version 0.29-a0-902-g0f71de6fce (webtiles) character file.

Game seed: 32220755 (custom seed)

4 purpskrrrp the Shield-Bearer (level 1, 0/14 HPs)
             Began as a Gargoyle Fighter on July 25, 2022.
             Frozen to death by an endoplasm (1 damage)
             ... on level 1 of the Dungeon.
             The game lasted 00:00:53 (99 turns).

purpskrrrp the Shield-Bearer (Gargoyle Fighter)       Turns: 99, Time: 00:00:54

Health: 0/14       AC:  9    Str: 19    XL:     1   Next: 60%
Magic:  1/1        EV:  9    Int:  8    God:
Gold:   0          SH:  4    Dex:  9    Spells: 0/0 levels left

rFire   . . .      SeeInvis .   a - +0 flail
rCold   . . .      Faith    .   c - +0 buckler
rNeg    + . .      Spirit   .   b - +0 scale mail
rPois   ∞          Reflect  .   (no helmet)
rElec   +          Harm     .   (no cloak)
rCorr   .          Rampage  .   (no gloves)
Will    .....                   (no boots)
Stlth   ..........              (no amulet)
HPRegen 0.04/turn               (no ring)
MPRegen 0.07/turn               (no ring)

@: no status effects
A: sickness immunity, AC +2, negative energy resistance 1, electricity
resistance, torment resistance 1, petrification resistance
a: no special abilities


You were on level 1 of the Dungeon.
You visited 1 branch of the dungeon, and saw 1 of its levels.

Inventory:

Hand Weapons
 a - a +0 flail (weapon)
Armour
 b - a +0 scale mail (worn)
 c - a +0 buckler (worn)
Potions
 d - a potion of might
 e - a potion of mutation {unknown}


   Skills:
 + Level 3.3 Fighting
 * Level 2.0 Maces & Flails
 + Level 3.3 Armour
 + Level 3.3 Shields


You couldn't memorise any spells.
You didn't know any spells.
Your spell library was empty.

Dungeon Overview and Level Annotations

Branches:
Dungeon (1/15)

Altars:


Innate Abilities, Weirdness & Mutations

You are immune to sickness and miasma.
Your stone body is resilient. (AC +2)
You are immune to poison.
You resist negative energy. (rN+)
You are resistant to electric shocks. (rElec)
You are resistant to unholy torment.
You are immune to petrification.


Message History

The jackal closely misses you.
You closely miss the jackal. You block the jackal's attack.
The jackal closely misses you.
You barely miss the jackal. The jackal closely misses you.
The jackal bites you.
The endoplasm jiggles. x2
You barely miss the jackal.
The jackal bites you but does no damage. x2
You barely miss the jackal.
The jackal bites you but does no damage. x2
The endoplasm jiggles.
You hit the jackal.
The jackal is severely wounded.
You block the jackal's attack. The jackal bites you.
You closely miss the jackal.
The jackal is severely wounded.
You block the jackal's attack. The jackal bites you.
You closely miss the jackal.
The jackal is severely wounded.
The jackal bites you but does no damage.
The jackal closely misses you.
You barely miss the jackal.
The jackal is severely wounded.
You block the jackal's attack. The jackal closely misses you.
You hit the jackal.
You kill the jackal!
You hit the endoplasm but do no damage. The endoplasm barely misses you. x2
You hit the endoplasm.
The endoplasm is almost dead.
The endoplasm hits you but does no damage.
You barely miss the endoplasm.
The endoplasm is almost dead.
The endoplasm freezes you.
You are frozen.
* * * LOW HITPOINT WARNING * * *
You hit the endoplasm.
You kill the endoplasm!
The endoplasm freezes you.
You are frozen.
You die...

.. ......### .#..# [..
....... .....# ....
.....# #.#..###
....##....# #.#..#.#
........J.#
###.#..#.########
..........#
#...............#
....##....#
###.#..#.#####.## .
#.....#######.#..#.# #.#
......♣.......J@.....#.#
#.#
.....⌠....#######.##.#.#
#.# ###...♣...# #.##.#.#
#.# ###....).. #.##.#.#
#.# ##.......
#.##.#.#####.# +.........
#.##.#....##.# #.........
#....#.##.##.#
#.........#######.##.##.#
..........>##.##


You could see an endoplasm.

Vanquished Creatures
  An endoplasm (D:1)
  3 jackals (D:1)
4 creatures vanquished.

Notes
Turn   | Place    | Note
-------+----------+-------------------------------------------
     0 | D:1      | purpskrrrp the Gargoyle Fighter began the quest for the
                  | Orb.
     0 | D:1      | Reached XP level 1. HP: 14/14 MP: 1/1
    99 | D:1      | Frozen to death by an endoplasm

Illustrated notes

Levels and vault maps discovered:
D:1:      ncdulo_wetmaze, layout_basic, ebering_ecumenical_altar_sacrificial,
          hangedman_feature_mirror, minmay_misc_feat_ornament,
          hangedman_decor_slide_cut

Action                   || total
-------------------------++-------
Melee: Flail             ||    16
Armor: Scale mail        ||    13
Dodge: Dodged            ||    10
Block: Buckler           ||     6

Table legend: (Time is in decaauts)
 A = Elapsed time spent in this place.
 B = Non-inter-level travel time spent in this place.
 C = Inter-level travel time spent in this place.
 D = Time resting spent in this place.
 E = Time spent auto-exploring this place.
 F = Levels seen in this place.
 G = Mean time per level.
                   A        B        C        D        E       F      G
               +--------+--------+--------+--------+--------+-----+--------+
         Total |    107 |    107 |      0 |      0 |     69 |   1 |  107.0 |
       Dungeon |    107 |    107 |      0 |      0 |     69 |   1 |  107.0 |
               +--------+--------+--------+--------+--------+-----+--------+

Top non-repeatable levels by time:
     D:1: 107 daAuts
